 Dungeon Crawl Stone Soup version 0.22-a0-78-g0f8607c (webtiles) character file.

124 KristoblXynda the Conjurer (level 4, 0/33 HPs)
             Began as a Draconian Conjurer on Jan 15, 2018.
             Slain by a gnoll
             ... wielding a +0 spear
              (3 damage)
             ... on level 3 of the Dungeon.
             The game lasted 00:03:51 (1799 turns).

KristoblXynda the Conjurer (Draconian Conjurer)     Turns: 1799, Time: 00:03:52

Health: 0/33       AC:  5    Str: 11    XL:     4   Next: 81%
Magic:  9/9        EV: 12    Int: 16    God:
Gold:   108        SH:  0    Dex: 11    Spells: 6/10 levels left

rFire    . . .     SeeInvis .   h - +1 short sword (venom)
rCold    . . .     Gourm    .   (no shield)
rNeg     . . .     Faith    .   (armour unavailable)
rPois    .         Spirit   .   (helmet restricted)
rElec    .         Reflect  .   (no cloak)
rCorr    .         Harm     .   (no gloves)
MR       .....                  (no boots)
Stlth    ++........             f - amulet of magic regeneration (curse)
HPRegen  0.11/turn              (no ring)
MPRegen  0.36/turn              (no ring)

@: no status effects
A: unfitting armour, cold-blooded, AC +5
a: no special abilities


You were on level 3 of the Dungeon.
You were not hungry.

You visited 1 branch of the dungeon, and saw 3 of its levels.

You collected 108 gold pieces.

Inventory:

Hand Weapons
 h - a +1 short sword of venom (weapon)
Armour
 e - a +2 buckler
Jewellery
 f - a cursed amulet of magic regeneration (around neck)
Wands
 m - a wand of flame (34)
Scrolls
 j - 2 scrolls of teleportation
 p - a scroll of amnesia {unknown}
Potions
 d - 2 potions of invisibility
 g - 2 potions of haste
 i - a potion of mutation {unknown}
 l - 2 potions of curing
 o - a potion of lignification {unknown}
 q - a potion of heal wounds {unknown}
Books
 a - a book of Conjurations

   Spells                             Type                      Level
   a - Magic Dart                     Conjuration                  1
   b - Searing Ray                    Conjuration                  2
   c - Dazzling Spray                 Conjuration/Hexes            3
   d - Fulminant Prism                Conjuration/Hexes            4
   e - Force Lance                    Conjuration/Translocation    4
   f - Iskenderun's Mystic Blast      Conjuration                  4
Comestibles
 b - 3 rations


   Skills:
 - Level 1.7 Dodging
 - Level 1.7 Stealth
 + Level 3.8 Spellcasting
 + Level 5.0 Conjurations


You had 6 spell levels left.
You knew the following spells:

 Your Spells              Type           Power        Failure   Level  Hunger
a - Magic Dart            Conj           ###.         2%          1    None
b - Dazzling Spray        Conj/Hex       ##....       19%         3    ###....


Dungeon Overview and Level Annotations

Branches:
Dungeon (3/15)

Altars:
Gozag


Innate Abilities, Weirdness & Mutations

Your plain brown scales are hard. (AC +5)
You cannot fit into any form of body armour.
You are cold-blooded and may be slowed by cold attacks.


Message History

Your Conjurations skill increases to level 5!
You feel a bit more experienced. The gnoll barely misses you.
You barely miss the gnoll.
Your tail-slap misses the gnoll.
The gnoll is severely wounded.
The gnoll barely misses you.
You hit the gnoll.
You kill the gnoll!
The gnoll closely misses you.
You hit the gnoll but do no damage.
The gnoll is poisoned.
The gnoll hits you with a spear.
You hit the gnoll.
The gnoll looks as sick as possible!
The gnoll is moderately wounded.
The gnoll hits you with a spear.
* * * LOW HITPOINT WARNING * * *
You barely miss the gnoll.
The gnoll is moderately wounded.
The gnoll hits you with a spear.
* * * LOW HITPOINT WARNING * * *
The gnoll hits you from afar with a spear.
You die...

... ##.. ....
####... ###+##..#..
#.......#.#+#
#..........@# # .
#........g###.#....
#..........g.).....
#........####.##.##
#........#..# #
#........#..#
#######.....#
#...#.# #..<..#


You could see a gnoll.

Vanquished Creatures
  Jessica (D:2)
  3 gnolls (D:3)
  An adder (D:2)
  3 worms (D:2)
  A dart slug (D:2)
  3 leopard geckos
  3 giant cockroaches
  8 goblins
  4 hobgoblins
  4 kobolds
  2 quokkas (D:2)
  8 bats
  6 frilled lizards
  2 rats (D:1)
49 creatures vanquished.

Notes
Turn   | Place    | Note
-------+----------+-------------------------------------------
     0 | D:1      | KristoblXynda the Draconian Conjurer began the quest for the Orb.
     0 | D:1      | Reached XP level 1. HP: 14/14 MP: 3/3
   340 | D:1      | Reached XP level 2. HP: 20/20 MP: 0/5
  1079 | D:2      | Reached XP level 3. HP: 26/26 MP: 1/7
  1191 | D:2      | Found an opulent altar of Gozag.
  1281 | D:2      | Learned a level 3 spell: Dazzling Spray
  1375 | D:2      | Noticed Jessica
  1380 | D:2      | Killed Jessica
  1398 | D:2      | Reached XP level 4. HP: 28/33 MP: 5/9
  1793 | D:3      | Reached skill level 5 in Conjurations
  1799 | D:3      | Slain by a gnoll

Vault maps used:
D:1:      dpeg_arrival_three_same_balls, minivault_19, minivault_26,
          minmay_cut_off
D:2:      nicolae_gozag_seed_capital, uniq_jessica

Skill      XL: |  1  2  3  4 |
---------------+-------------+-----
Spellcasting   | 3 |  3.8
Conjurations   | 5 |  5.0
Dodging        | |  1.7
Stealth        | |  1.7

Action                   |  1- 3 |  4- 6 || total
-------------------------+-------+-------++-------
Melee: Unarmed           |     5 |       ||     5
       Short sword       |    18 |    26 ||    44
       Tailslap          |     3 |     3 ||     6
 Cast: Magic Dart        |    57 |    23 ||    80
  Use: Scroll            |       |     7 ||     7
 Stab: Sleeping          |       |     1 ||     1
  Eat: Chunk             |     2 |       ||     2
       Ration            |       |     1 ||     1
Armor: Skin              |     8 |     3 ||    11
Dodge: Dodged            |    20 |    10 ||    30

Table legend:
 A = Spawn XP
 B = Non-spawn XP
 C = Spawn XP percentage of total XP
 D = Spawn monster count
 E = Non-spawn monster count
 F = Spawn count percentage of total count
 G = Total turns spent on level
                    A         B        C        D         E        F      G
               +---------+---------+-------+---------+---------+-------+---------
         Total |       0 |     178 |   0.0 |       0 |      49 |   0.0 |  1799
               +---------+---------+-------+---------+---------+-------+---------
           D:1 |       0 |      34 |   0.0 |       0 |      21 |   0.0 |  1061
           D:2 |       0 |      99 |   0.0 |       0 |      24 |   0.0 |   697
           D:3 |       0 |      45 |   0.0 |       0 |       4 |   0.0 |    41
               +---------+---------+-------+---------+---------+-------+---------
